 Dungeon Crawl Stone Soup version 0.30-a0-778-g2ef04afb54 (webtiles) character file.

Game seed: 6156348240339660131

7105 hikkokomori the Fighter (level 11, -4/69 HPs)
             Began as a Gargoyle Earth Elementalist on Feb 17, 2023.
             Was a Priest of Kikubaaqudgha.
             Slain by a yak (7 damage)
             ... on level 9 of the Dungeon.
             The game lasted 00:45:38 (9388 turns).

hikkokomori the Fighter (GrEE)                      Turns: 9388, Time: 00:45:39

Health: -4/69      AC: 24    Str: 12    XL:     11   Next: 10%
Magic:  3/17       EV: 11    Int: 20    God:    Kikubaaqudgha [***...]
Gold:   345        SH:  4    Dex: 10    Spells: 4/18 levels left

rFire   . . .      SeeInvis .    n - +2 flail (protect)
rCold   . . .      Faith    .    A - +0 buckler
rNeg    + . .      Spirit   .    L - +0 steam dragon scales
rPois   ∞          Reflect  .    B - +2 hat
rElec   +          Harm     .    H - +0 cloak
rCorr   .          Rampage  .    (no gloves)
Will    .....                    k - +0 pair of boots
Stlth   ++++                     f - amulet of regeneration
HPRegen 1.11/turn                (no ring)
MPRegen 0.15/turn                (no ring)

@: under a protective aura, animating dead
A: sickness immunity, AC +8, negative energy resistance 1, electricity
resistance, torment resistance 1, petrification resistance
a: Renounce Religion, Unearth Wretches


You were on level 9 of the Dungeon.
You worshipped Kikubaaqudgha.
Kikubaaqudgha was most pleased with you.
You visited 3 branches of the dungeon, and saw 12 of its levels.
You also visited: Sewer.

You collected 720 gold pieces.
You spent 375 gold pieces at shops.

Inventory:

Hand Weapons
 c - a +0 sling
 n - a +2 flail of protection (weapon)
 x - a +5 scimitar of draining
Missiles
 e - 24 poisoned darts
 D - a throwing net
Armour
 k - a +0 pair of boots (worn)
 m - a +0 scale mail
 o - a +0 robe of willpower
 A - a +0 buckler (worn)
 B - a +2 hat (worn)
 H - a +0 cloak (worn)
 J - a +2 ring mail of cold resistance
 L - +0 steam dragon scales (worn)
Jewellery
 f - an amulet of regeneration (around neck)
 I - a ring of magical power
 K - a ring of positive energy
Wands
 p - a wand of paralysis (28)
 C - a wand of roots (8)
Scrolls
 a - 3 scrolls of identify
 j - 3 scrolls of teleportation
 l - a scroll of fear
 s - a scroll of enchant armour
 u - a scroll of poison
 v - a scroll of silence {unknown}
 w - a scroll of immolation {unknown}
 y - a scroll of vulnerability {unknown}
 z - 2 scrolls of magic mapping {unknown}
 E - 2 scrolls of fog {unknown}
 F - a scroll of torment {unknown}
Potions
 b - 3 potions of lignification
 d - 2 potions of degeneration
 g - 7 potions of curing
 h - a potion of mutation
 i - 4 potions of flight
 q - 3 potions of magic
 r - a potion of haste
 t - a potion of heal wounds {unknown}
 G - a potion of invisibility {unknown}


   Skills:
 + Level 8.7 Fighting
 + Level 5.1 Maces & Flails
 - Level 1.5 Dodging
 - Level 8.1 Stealth
 + Level 4.5 Shields
 - Level 4.1 Spellcasting
 - Level 5.9 Conjurations
 + Level 2.7 Hexes
 + Level 4.6 Necromancy
 - Level 0.7 Transmutations
 - Level 8.0 Earth Magic


You had 4 spell levels left.
You knew the following spells:

 Your Spells              Type           Power      Damage    Failure   Level
a - Sandblast             Erth           72%        2d16      1%          1
b - Passwall              Tmut/Erth      17%        N/A       4%          2
c - Stone Arrow           Conj/Erth      64%        3d11      2%          3
d - Cause Fear            Hex            7%         N/A       45%         4
e - Animate Dead          Necr           22%        N/A       24%         4

Your spell library contained the following spells:

 Spells                   Type           Power      Damage    Failure   Level
 Kiss of Death            Conj/Necr      100%       2d13      1%          1
 Necrotise                Necr           88%        1d8       2%          1
 Slow                     Hex            60%        N/A       5%          1
 Vampiric Draining        Necr           22%        2d7       7%          3
 Apportation              Tloc           8%         N/A       16%         1
 Confusing Touch          Hex            15%        N/A       16%         3
 Dispel Undead            Necr           22%        3d12      24%         4
 Petrify                  Tmut/Erth      21%        N/A       26%         4
 Inner Flame              Hex/Fire       9%         N/A       28%         3
 Anguish                  Hex/Necr       9%         N/A       34%         4
 Borgnjor's Vile Clutch   Necr/Erth      14%        N/A       32%         5
 Agony                    Necr           22%        N/A       54%         5
 Alistair's Intoxication  Tmut/Pois      3%         N/A       98%         5
 Discord                  Hex            7%         N/A       100%        8


Dungeon Overview and Level Annotations

Branches:
Dungeon (10/15)            Temple (1/1) D:5            Lair (1/5) D:9
    Orc (0/2) D:9           Sewer (visited)

Altars:
Ashenzari
Cheibriados
Dithmenos
Elyvilon
Fedhas
Gozag
Hepliaklqana
Kikubaaqudgha
Makhleb
Nemelex Xobeh
Okawaru
Qazlal
Ru
Sif Muna
Trog
Uskayaw
Vehumet
Wu Jian
Xom
Yredelemnul
Zin
The Shining One

Shops:
D:2 (*   D:3 *[(   D:9 (

Annotations:
D:2 Sigmund, Terence
D:5 2 transporters
D:10 2 transporters, Erolcha


Innate Abilities, Weirdness & Mutations

You are immune to sickness and miasma.
Your stone body is resilient. (AC +8)
You are immune to poison.
You resist negative energy. (rN+)
You are resistant to electric shocks. (rElec)
You are resistant to unholy torment.
You are immune to petrification.


Message History

The yak gores you but does no damage. The yak closely misses you.
Your yak zombie gores the yak!
The blast of sand hits the yak!
The yak is severely wounded.
The yak gores your yak zombie! The yak gores you! The yak closely misses you.
The yak gores you but does no damage. The yak barely misses you.
You block the yak's attack.
Your yak zombie gores the yak.
The yak gores your yak zombie! The yak gores you!
You are too injured to fight recklessly!
You are too injured to fight recklessly!
You are too injured to fight recklessly!
The yak gores your yak zombie. The yak gores you but does no damage.
The yak gores you. You block the yak's attack.
Your yak zombie barely misses the yak.
You climb upwards.
Welcome back to the Dungeon!
There is a staircase to the Lair here.
Casting: Sandblast (safe; 1% risk of failure)
Confirm with . or Enter, or press ? or * to list all spells.
Aiming: Sandblast (safe; 1% risk of failure)
Press: ? - help, Shift-Dir - straight line, f - yak
Aim: a yak (severely wounded, 90% to hit)
The blast of sand hits the yak!
You kill the yak!
Kikubaaqudgha accepts your kill.
The dead are walking!
The yak gores you but does no damage. The yak gores you!
The yak attacks as you move away! The yak barely misses you. The yak gores you!
* * * LOW HITPOINT WARNING * * *
Your yak zombie gores the yak!
The yak attacks as you move away! The yak gores you but does no damage.
There is an open door here.
You hit the yak.
Your weapon exudes an aura of protection.
The yak is lightly wounded.
The yak gores you.
* * * LOW HITPOINT WARNING * * *
Your yak zombie gores the yak.
The yak gores you!
* * * LOW HITPOINT WARNING * * *
The yak gores you!
You die...
Kikubaaqudgha rasps: "You have failed me!
Welcome... oblivion!"

#.......................#Z###
####'########...........#.Z..
#...........#...........#..Z.
#...........#.........).#....
#...........#...........#....
#...........#...........#...#
#....##.....#...........#...#
#....##.....#...........#....
#...........@Y..........#####
#...........#Y...............
#...........#.Z.........>....
#...........#................
##...##.....#................
########'####................
#...........#................
#...........#...........#####
#...........#..<........#...#


You could see 2 yaks and a friendly yak zombie.

Vanquished Creatures
  Pikel (D:5)
  A hornet (D:9)
  Grinder (D:5)
  3 yaks
  A wraith (D:10)
  2 wyverns (D:9)
  3 steam dragons
  A water moccasin (D:6)
  An ice beast (D:8)
  4 orc warriors
  Pargi (D:3)
  An ogre (D:9)
  4 black bears
  2 centaurs
  2 lemures (D:5)
  2 phantoms
  Blork the orc (D:6)
  4 kobold brigands
  3 necrophages
  2 bullfrogs
  2 gnoll sergeants
  2 scorpions
  12 wights
  9 killer bees
  4 hounds
  A jelly (D:6)
  8 orc priests
  5 iguanas
  Natasha (thrice) (D:3)
  10 orc wizards
  23 gnolls
  7 adders
  4 river rats (D:3)
  A shadow imp (D:6)
  2 white imps
  5 worms (D:3)
  2 dart slugs
  16 orcs
  6 bats
  2 endoplasms
  2 giant cockroaches
  3 goblins
  6 hobgoblins
  A jackal (Sewer)
  16 kobolds
  4 quokkas
  4 ball pythons
  9 rats
209 creatures vanquished.

Vanquished Creatures (collateral kills)
  A wyvern (D:9)
  An orc warrior (D:9)
  An ogre (D:9)
  A gnoll bouda (D:9)
  2 gnolls (D:9)
  2 hobgoblins (D:9)
  A kobold (D:9)
9 creatures vanquished.

Vanquished Creatures (others)
  A wyvern zombie (D:9)
  A yak zombie (Lair:1)
  An orc wizard (D:9)
  2 killer bee zombies (D:9)
  An ogre zombie (D:9)
  A hound zombie (D:9)
  4 orc zombies
  2 orcs
  4 gnoll zombies (D:9)
  2 hobgoblin zombies (D:9)
  A kobold zombie (D:9)
  9 plants
29 creatures vanquished.

Grand Total: 247 creatures vanquished

Notes
Turn   | Place    | Note
-------+----------+-------------------------------------------
     0 | D:1      | hikkokomori the Gargoyle Earth Elementalist began the quest
                  | for the Orb.
     0 | D:1      | Reached XP level 1. HP: 10/10 MP: 3/3
   208 | D:1      | Found a faded altar of an unknown god.
   277 | D:1      | Reached XP level 2. HP: 9/16 MP: 1/5
   278 | D:1      | Reached skill level 1 in Fighting
   687 | D:1      | Learned a level 2 spell: Passwall
   932 | D:2      | Found Axkurgh's Weapon Emporium.
   945 | D:2      | Noticed Sigmund
   982 | D:2      | Reached XP level 3. HP: 20/20 MP: 6/6
   986 | D:2      | Learned a level 3 spell: Stone Arrow
  1079 | D:2      | Found Ehovipio's Assorted Antiques.
  1087 | D:2      | Noticed Terence
  1128 | D:3      | Noticed a scorpion
  1132 | D:3      | Reached skill level 1 in Conjurations
  1134 | D:3      | Killed a scorpion
  1135 | D:3      | Reached XP level 4. HP: 20/27 MP: 3/7
  1158 | D:3      | Reached XP level 5. HP: 31/31 MP: 1/8
  1391 | D:3      | Found a glowing drain.
  1415 | Sewer    | Entered a sewer
  1480 | Sewer    | Noticed a kobold brigand
  1481 | Sewer    | Noticed a kobold brigand
  1500 | Sewer    | Killed a kobold brigand
  1501 | Sewer    | Reached skill level 5 in Earth Magic
  1501 | Sewer    | Reached XP level 6. HP: 37/37 MP: 3/9
  1621 | Sewer    | Found a white marble altar of Elyvilon.
  1720 | D:3      | Found Tyss's General Store.
  1731 | D:3      | Bought a scroll of teleportation for 39 gold pieces
  1939 | D:3      | Found Locol's Antique Weapon Boutique.
  1973 | D:3      | Found Qityus's Antique Armour Shop.
  2142 | D:3      | Noticed Pargi
  2155 | D:3      | Reached XP level 7. HP: 30/41 MP: 5/10
  2165 | D:3      | Killed Pargi
  2264 | D:3      | Noticed Natasha
  2273 | D:3      | Killed Natasha
  2274 | D:3      | Reached skill level 5 in Stealth
  2484 | D:3      | Noticed Natasha
  2489 | D:3      | Killed Natasha
  2605 | D:3      | Noticed Natasha
  2616 | D:3      | Killed Natasha
  2780 | D:4      | Found an ornate altar of the Wu Jian Council.
  3130 | D:5      | Entered Level 5 of the Dungeon
  3137 | D:5      | Reached XP level 8. HP: 31/48 MP: 11/11
  3365 | D:5      | Found a snail-covered altar of Cheibriados.
  3397 | D:5      | Found a staircase to the Ecumenical Temple.
  3418 | Temple   | Entered the Ecumenical Temple
  3677 | Temple   | Became a worshipper of Kikubaaqudgha
  3742 | D:5      | Noticed Grinder
  3757 | D:5      | Killed Grinder
  3758 | D:5      | Reached skill level 5 in Fighting
  3832 | D:5      | Reached skill level 5 in Conjurations
  3839 | D:5      | Found a transporter.
  3927 | D:5      | Found a transporter.
  3930 | D:5      | Noticed a yak
  3935 | D:5      | Found a stormy altar of Qazlal.
  4186 | D:5      | Found a shadowy altar of Dithmenos.
  4292 | D:6      | Noticed Pikel
  4377 | D:5      | Killed Pikel
  4378 | D:5      | Reached skill level 1 in Necromancy
  4378 | D:5      | Reached XP level 9. HP: 47/55 MP: 5/13
  4497 | D:6      | Learned a level 4 spell: Cause Fear
  4740 | D:6      | Noticed Blork the orc
  4746 | D:6      | Killed Blork the orc
  4790 | D:6      | Reached skill level 1 in Maces & Flails
  4790 | D:6      | Reached skill level 1 in Hexes
  5367 | D:7      | Reached * piety under Kikubaaqudgha
  5367 | D:7      | Received a gift from Kikubaaqudgha
  5885 | D:8      | Learned a level 4 spell: Animate Dead
  5904 | D:8      | Found a glowing golden altar of the Shining One.
  6002 | D:8      | Found a sacrificial altar of Ru.
  6043 | D:8      | Reached XP level 10. HP: 62/63 MP: 1/16
  6158 | D:8      | Found a broken altar of Ashenzari.
  6313 | D:8      | Reached skill level 1 in Shields
  6685 | D:8      | Reached ** piety under Kikubaaqudgha
  7052 | D:3      | Bought a heavily runed chain mail for 228 gold pieces
  7052 | D:3      | Identified the +0 chain mail "Nipliyt" {Str+6} (You bought
                  | it in a shop on level 3 of the Dungeon)
  7052 | D:3      | Bought a cloak for 108 gold pieces
  7498 | D:9      | Found Domacy's Antique Weapon Boutique.
  7756 | D:9      | Reached *** piety under Kikubaaqudgha
  7756 | D:9      | Received a gift from Kikubaaqudgha
  7956 | D:9      | Found a staircase to the Lair.
  8206 | D:9      | Found a staircase to the Orcish Mines.
  8444 | D:9      | Found a shimmering altar of Xom.
  8696 | D:10     | Entered Level 10 of the Dungeon
  8785 | D:10     | Found a transporter.
  8794 | D:10     | Found a transporter.
  8794 | D:10     | Noticed an orc sorcerer
  8902 | D:10     | Reached XP level 11. HP: 57/69 MP: 11/17
  8976 | D:10     | Noticed a two-headed ogre
  9002 | D:10     | Found a radiant altar of Vehumet.
  9220 | D:10     | Noticed Erolcha
  9356 | Lair:1   | Entered Level 1 of the Lair of Beasts
  9375 | Lair:1   | Reached skill level 5 in Maces & Flails
  9388 | D:9      | HP: 3/69 [yak (10)]
  9388 | D:9      | Slain by a yak

Illustrated notes

Levels and vault maps discovered:
D:1:      lightli_molten_gateway, layout_loops_ring,
          shapermc_ecumenical_altar_ellora, serial_bayou_lake_a
D:2:      layout_rooms, serial_shops, nicolae_square_shop, shop,
          nicolae_shop_bloodbath_and_beyond, nicolae_shop_advertising_works
          [nicolae_subvault_shop_adworks], nicolae_diamond_shop, uniq_terence,
          uniq_sigmund
D:3:      layout_basic, serial_shops, shop_coins, shop, shop_statue,
          lightli_sewer_entry_pipes, minmay_misc_feat_secret_circle,
          uniq_natasha, uniq_pargi
D:4:      layout_cave_pools, mainiacjoe_overflow_tiny_flanked
D:5:      layout_loops_cross, overflow_temple_1_default,
          nicolae_overflow_crystal_walls, gammafunk_temple_overflow_arena,
          minmay_temple_entry_glassed_door, st_stairs_3,
          nicolae_figureground_pulse, uniq_grinder
D:6:      minmay_general_purpose_star, layout_rooms,
          chequers_serial_rivers_micro_d, uniq_pikel, uniq_blork_the_orc
D:7:      layout_gridville
D:8:      layout_loops_ring, mainiacjoe_overflow_two_lobes,
          nicolae_tso_carved_into_rock
D:9:      kennysheep_housing_project, layout_gridville,
          mainiacjoe_overflow_paths, david_orc_3, serial_shops, shop
D:10:     gammafunk_beogh_shrine, layout_loops_ring, fiery_altar_vehumet,
          kennysheep_opposing_triangles, uniq_erolcha
Temple:   nicolae_temple_bog_church
Lair:1:   layout_regular_city, grunt_megastairs_1, uniq_amaemon

Skill      XL: |  1  2  3  4  5  6  7  8  9 10 11 |
---------------+----------------------------------+-----
Fighting       | 1 2 3 4 6 7 8 |  8.7
Earth Magic    | 4 5 6 7 8 |  8.0
Stealth        | 3 4 5 7 8 |  8.1
Conjurations   | 1 2 3 4 5 |  5.9
Necromancy     | 1 2 4 |  4.6
Spellcasting   | 4 |  4.1
Maces & Flails | 2 4 5 |  5.1
Hexes          | 2 |  2.7
Shields        | 4 |  4.5
Dodging        | |  1.5
Transmutations | |  0.7

Action                     |  1- 3 |  4- 6 |  7- 9 | 10-12 || total
---------------------------+-------+-------+-------+-------++-------
  Melee: Unarmed           |       |     6 |       |       ||     6
         Flail             |       |     3 |   140 |   100 ||   243
         Punch             |       |       |     1 |     2 ||     3
   Fire: Sling             |    43 |    78 |       |       ||   121
  Throw: Dart              |       |     1 |     2 |       ||     3
   Cast: Sandblast         |    31 |    55 |    89 |   134 ||   309
         Stone Arrow       |       |     2 |    23 |    16 ||    41
         Passwall          |       |       |     2 |       ||     2
         Animate Dead      |       |       |       |     8 ||     8
  Evoke: Wand              |       |       |     2 |     4 ||     6
    Use: Potion            |     1 |     1 |       |     1 ||     3
         Scroll            |       |     4 |     7 |     1 ||    12
   Stab: Sleeping          |       |       |     6 |       ||     6
         Paralysed         |       |       |     5 |     5 ||    10
         Distracted        |       |       |       |     1 ||     1
 Armour: Robe              |    18 |    16 |   136 |    89 ||   259
         Skin              |       |     3 |       |       ||     3
         Steam dragon scal |       |       |       |    18 ||    18
  Dodge: Dodged            |    26 |    36 |   168 |   116 ||   346
  Block: Buckler           |       |       |       |     6 ||     6

Table legend: (Time is in decaauts)
 A = Elapsed time spent in this place.
 B = Non-inter-level travel time spent in this place.
 C = Inter-level travel time spent in this place.
 D = Time resting spent in this place.
 E = Time spent auto-exploring this place.
 F = Levels seen in this place.
 G = Mean time per level.
                   A        B        C        D        E       F      G
               +--------+--------+--------+--------+--------+-----+--------+
         Total |   9761 |   9223 |    538 |    618 |   6154 |  13 |  750.8 |
       Dungeon |   9149 |   8662 |    487 |    550 |   5835 |  10 |  914.9 |
        Temple |    280 |    230 |     50 |      0 |    219 |   1 |  280.0 |
          Lair |     33 |     33 |      0 |      0 |      0 |   1 |   33.0 |
         Sewer |    299 |    299 |      0 |     68 |     99 |   1 |  299.0 |
               +--------+--------+--------+--------+--------+-----+--------+

Top non-repeatable levels by time:
     D:9: 1471 daAuts
     D:3: 1460 daAuts
     D:8: 1305 daAuts
     D:5: 1100 daAuts
     D:1: 986 daAuts
     D:6: 877 daAuts
    D:10: 653 daAuts
     D:7: 637 daAuts
     D:4: 489 daAuts
   Sewer: 299 daAuts
  Temple: 280 daAuts
     D:2: 167 daAuts
  Lair:1: 33 daAuts
